details: 'sad'

« prev index next »

General information

Mini Map

Players

team 1
OrcDanielCormier (purple | 171 APM | 3512 actions | 20:35)
Hero icon 5 Far Seer
Ability icon 3 Feral Spirit
Ability icon 2 Chain Lighting
Hero icon 3 Shadow Hunter
Ability icon 2 Hex
Ability icon 1 Healing Wave

» actions
Assign group hotkey45
Basic commands198
Build / train92
ESC pressed1
Enter build submenu14
Enter hero's abilities submenu8
Give item / drop item3
Remove unit from queue2
Right click1883
Select / deselect761
Select group hotkey388
Use ability117
3512 total
» units
Peon19
Troll Headhunter/Berserker27
Kodo Beast1
Wind Rider8
55 total
» upgrades
Ranged Weapons2
Troll Regeneration1
Armor1
Berserker Upgrade1
War Drums Damage Increase1
6 total
» buildings
Altar of Storms1
Orc Burrow4
War Mill1
Barracks2
Stronghold1
Voodoo Lounge1
Fortress1
Beastiary1
Watch Tower2
14 total
» build order
00:03 Altar of Storms
00:05 Orc Burrow
00:26 War Mill
01:02 Barracks
02:14 Orc Burrow
03:41 Stronghold
04:10 Orc Burrow
05:24 Voodoo Lounge
06:04 Fortress
08:45 Beastiary
10:59 Orc Burrow
14:43 Barracks
15:02 Watch Tower
15:03 Watch Tower
» items
Healing Salve3
Lesser Clarity Potion5
Boots of Speed1
Potion of Mana4
Tiny Great Hall1
Scroll of Healing1
Scroll of Protection1
Potion of Healing1
17 total
team 2
Undeadvagana_pop (teal | 188 APM | 3873 actions | 20:35)
Hero icon 6 Crypt Lord
Ability icon 1 Carrion Beetles
Ability icon 3 Impale
Ability icon 1 Spiked Carapace
Ability icon 1 Locust Swarm
Hero icon 4 Death Knight
Ability icon 2 Death Coil
Ability icon 2 Unholy Aura
Hero icon 3 Goblin Tinker
Ability icon 2 Pocket Factory
Ability icon 1 Engineering Upgrade

» actions
Assign group hotkey61
Basic commands239
Build / train87
ESC pressed5
Enter build submenu25
Enter hero's abilities submenu15
Give item / drop item3
Right click1533
Select / deselect425
Select group hotkey1358
Use ability122
3873 total
» units
Acolyte9
Ghoul6
Crypt Fiend20
Goblin Zeppelin1
Obsidian Statue7
Abomination1
Frost Wyrm2
46 total
» upgrades
Creature Attack2
Creature Carapace1
Web1
4 total
» buildings
Crypt1
Graveyard1
Ziggurat7
Altar of Darkness1
Tomb of Relics4
Nerubian Tower4
Necropolis2
Halls of the Dead3
Slaughterhouse1
Spirit Tower1
Black Citadel3
Sacrificial Pit1
Boneyard1
30 total
» build order
00:03 Crypt
00:07 Graveyard
00:36 Ziggurat
01:01 Altar of Darkness
01:34 Ziggurat
02:16 Tomb of Relics
02:40 Nerubian Tower
02:40 Nerubian Tower
02:40 Nerubian Tower
03:34 Tomb of Relics
04:01 Tomb of Relics
04:19 Ziggurat
04:34 Ziggurat
04:52 Tomb of Relics
05:31 Necropolis
05:35 Necropolis
05:57 Halls of the Dead
05:57 Halls of the Dead
05:57 Halls of the Dead
07:04 Ziggurat
07:04 Ziggurat
10:00 Slaughterhouse
10:24 Nerubian Tower
10:24 Spirit Tower
10:26 Ziggurat
12:31 Black Citadel
12:31 Black Citadel
12:31 Black Citadel
15:13 Sacrificial Pit
16:46 Boneyard
» items
Rod of Necromancy2
Potion of Mana2
Potion of Healing3
7 total